 Dungeon Crawl Stone Soup version 0.14-a0-2542-g51e44bb (webtiles) character file.

1140 RedPan the Basher (level 8, -4/46 HPs)
             Began as a Gargoyle Fighter on Feb 10, 2014.
             Slain by Prince Ribbit (8 damage)
             ... on Level 6 of the Dungeon.
             The game lasted 00:13:21 (5070 turns).

RedPan the Basher (Gargoyle Fighter)                Turns: 5070, Time: 00:13:21

HP  -4/46        AC 16     Str 21      XL: 8   Next:  9%
MP   8/8         EV  5     Int 10      God:
Gold 228         SH 18     Dex  9      Spells:  0 memorised,  7 levels left

rFire  . . .     SeeInvis .     A - +0,+2 flail
rCold  . . .     Clarity  .     E - +0 chain mail
rNeg   + . .     Conserve .     c - +0 shield
rPois  +         rCorr    .     (no helmet)
rElec  +         rRot     +     l - +0 cloak
SustAb + .       Spirit   .     i - +0 pair of gloves
rMut   .         Warding  .     (no boots)
Saprov . . .     Stasis   .     (no amulet)
MR     +....                    r - ring of protection from magic
                                B - ring of sustain abilities

@: somewhat resistant to hostile enchantments, extremely unstealthy
A: life protection 1, electricity resistance, unbreathing, petrification
resistance, AC +5
a: no special abilities


You were on level 6 of the Dungeon.
You were hungry.

You visited 2 branches of the dungeon, and saw 7 of its levels.

You collected 228 gold pieces.

Inventory:

Hand weapons
 a - a +0,+0 mace
 A - a +0,+2 flail (weapon)
Armour
 c - a +0 shield (worn)
 i - a +0 pair of gloves (worn)
 l - a +0 cloak (worn)
 E - a +0 chain mail (worn)
Magical devices
 b - a wand of slowing (9) {unknown}
 v - a wand of random effects (7) {unknown}
Comestibles
 d - 5 bread rations
 f - a meat ration
 F - a chunk of human flesh
Scrolls
 g - a scroll of recharging
 h - a scroll of curse weapon
 o - a scroll of remove curse
 s - a scroll of fear {unknown}
 w - a scroll of amnesia
 y - a scroll of enchant weapon I {unknown}
 z - a scroll of identify
 C - 3 scrolls of vulnerability {unknown}
Jewellery
 r - a ring of protection from magic (right hand)
 x - an uncursed ring of poison resistance
 B - a ring of sustain abilities (left hand)
Potions
 e - a potion of paralysis {unknown}
 j - 4 potions of speed
 k - 2 potions of might {unknown}
 m - a potion of heal wounds {unknown}
 n - 2 potions of restore abilities {unknown}
 p - 2 potions of magic {unknown}
 q - a potion of curing {unknown}
 t - a potion of confusion {unknown}
 u - a potion of poison {unknown}


   Skills:
 - Level 3.2 Fighting
 + Level 10.0 Maces & Flails
 - Level 3.2 Armour
 - Level 3.2 Shields


You had 7 spell levels left.
You didn't know any spells.

Dungeon Overview and Level Annotations

Branches:
Dungeon (6/16)             Temple (1/1) D:4

Altars:
Ashenzari
Cheibriados
Dithmengos
Elyvilon
Fedhas
Kikubaaqudgha
Makhleb
Trog
Vehumet
Yredelemnul

Annotations:
D:6 Prince Ribbit


Innate Abilities, Weirdness & Mutations

You are resistant to torment.
You are immune to poison.
Your stone body is very resilient (AC +5).
You resist negative energy.
You are resistant to electric shocks.
You can survive without breathing.
You are immune to petrification.


Message History

You are too injured to fight recklessly!
You miss Prince Ribbit.
Prince Ribbit is lightly wounded.
Prince Ribbit blinks!
The goblin hits you but does no damage.
You sock the goblin!
You kill the goblin!
Prince Ribbit hits you but does no damage.
Prince Ribbit hits you.
* * * LOW HITPOINT WARNING * * *
You thump Prince Ribbit!
Prince Ribbit is heavily wounded.
Prince Ribbit barely misses you.
You closely miss Prince Ribbit.
Prince Ribbit is heavily wounded.
Prince Ribbit hits you.
* * * LOW HITPOINT WARNING * * *
Prince Ribbit momentarily phases out as your attack passes through him.
Prince Ribbit is heavily wounded.
Prince Ribbit hits you!
You die...

................................
.........................#######
...............#########.#######
................................
#.#....#.###....#####....#######
#.#...##...##.).# #....# #.
#.#...##..%##...# ####.# #.
.#.#.###.%.%#....########.######.
.)...))........F@................
.).#.###...##...)..######.##...#.
...#.# ##.######...# #.##.....
...... ..... ....... #.##.....
....!.....### .<##...## #.#####..
#..#..###.# ... ..... #.# ###
#..#..# #.. #... ..... ..#
#.....# #.. #### ##.. ..# .....
... # .


You could see Prince Ribbit.

Vanquished Creatures
  Edmund (D:6)
  2 ogres (D:4)
  Sigmund (D:6)
  A centaur (D:4)
  Blork the orc (D:5)
  A black bear zombie (D:6)
  An iguana (D:6)
  A scorpion (D:4)
  4 worker ants
  2 adders
  8 gnolls
  An orc skeleton (D:5)
  2 worms
  2 giant mites
  A giant eyeball (D:3)
  6 orcs
  14 bats
  7 giant cockroaches
  17 goblins
  11 hobgoblins
  A quokka (D:4)
  2 ball pythons (D:2)
  A giant cockroach zombie (D:5)
  4 giant geckos
  7 giant newts
  6 jackals
  10 kobolds
  A kobold skeleton (D:4)
  13 rats
129 creatures vanquished.

Notes
Turn   | Place    | Note
--------------------------------------------------------------
     0 | D:1      | RedPan, the Gargoyle Fighter, began the quest for the Orb.
     0 | D:1      | Reached XP level 1. HP: 14/14 MP: 1/1
   227 | D:1      | Reached XP level 2. HP: 10/19 MP: 2/2
  1076 | D:2      | Reached XP level 3. HP: 21/23 MP: 3/3
  1226 | D:2      | Reached skill level 4 in Maces & Flails
  1433 | D:2      | Reached XP level 4. HP: 28/28 MP: 4/4
  1532 | D:3      | Paralysed by a giant eyeball for 2 turns
  1842 | D:3      | Reached skill level 5 in Maces & Flails
  2295 | D:4      | Reached XP level 5. HP: 32/32 MP: 5/5
  2424 | D:4      | Noticed a centaur
  2438 | D:4      | Killed a centaur
  2438 | D:4      | Reached skill level 6 in Maces & Flails
  2438 | D:4      | Reached XP level 6. HP: 23/37 MP: 6/6
  2605 | D:4      | Found a staircase to the Ecumenical Temple.
  2637 | Temple   | Entered the Ecumenical Temple
  2871 | D:4      | Noticed an ogre
  2874 | D:4      | HP: 1/37 [ogre/giant spiked club (26)]
  2877 | D:4      | Killed an ogre
  2877 | D:4      | Reached skill level 7 in Maces & Flails
  3363 | D:4      | Noticed an ogre
  3375 | D:4      | Killed an ogre
  3752 | D:5      | Entered Level 5 of the Dungeon
  3782 | D:5      | Reached skill level 8 in Maces & Flails
  3782 | D:5      | Reached XP level 7. HP: 41/41 MP: 7/7
  3977 | D:5      | Found a bloodstained altar of Trog.
  4096 | D:5      | Noticed Blork the orc
  4659 | D:5      | Killed Blork the orc
  4785 | D:6      | Noticed Edmund
  4809 | D:6      | Killed Edmund
  4809 | D:6      | Reached skill level 9 in Maces & Flails
  4867 | D:6      | Noticed Sigmund
  4876 | D:6      | Killed Sigmund
  5008 | D:6      | Noticed Prince Ribbit
  5015 | D:6      | Reached XP level 8. HP: 40/46 MP: 8/8
  5040 | D:6      | Reached skill level 10 in Maces & Flails
  5070 | D:6      | Slain by Prince Ribbit

Action                   |  1- 3 |  4- 6 |  7- 9 || total
-------------------------+-------+-------+-------++-------
Melee: Mace              |   171 |   236 |       ||   407
       Flail             |       |       |   144 ||   144
  Use: Scroll            |     6 |     3 |     1 ||    10
